 Dungeon Crawl Stone Soup version 0.19-a0-1850-g63fd1ff (webtiles) character file.

7986 Naow the Severer (level 11, -4/84 HPs)
             Began as a Minotaur Berserker on Oct 10, 2016.
             Was a High Priest of Trog.
             Slain by Snorg (11 damage)
             ... on level 10 of the Dungeon.
             The game lasted 00:17:42 (8520 turns).

Naow the Severer (Minotaur Berserker)               Turns: 8520, Time: 00:17:42

Health: -4/84      AC: 24    Str: 28    XL:     11   Next: 4%
Magic:  0/10       EV:  9    Int:  7    God:    Trog [*****.]
Gold:   375        SH:  0    Dex: 10    Spells: 0 memorised, 10 levels left

rFire  x . .     SeeInvis .     a - +0 hand axe
rCold  + . .     Gourm    .     E - +0 plate armour (curse)
rNeg   + . .     Faith    .     (no shield)
rPois  .         Spirit   +     H - +2 hat of the Bear Spirit {Spirit, +Rage rN+ MR++}
rElec  .         Dismiss  .     y - +1 cloak
rCorr  .         Reflect  .     (no gloves)
MR     ++...     Harm     .     P - +2 pair of boots {run}
Stlth  ..........               (no amulet)
                                w - +6 ring of strength
                                L - ring of ice

@: exhausted, slowed, very slow
A: retaliatory headbutt, horns 2
a: Berserk, Trog's Hand, Brothers in Arms, Burn Spellbooks, Renounce Religion,
Evoke Berserk Rage


You were on level 10 of the Dungeon.
You worshipped Trog.
Trog was extremely pleased with you.
You were near starving.

You visited 1 branch of the dungeon, and saw 11 of its levels.

You collected 726 gold pieces.
You spent 351 gold pieces at shops.

Inventory:

Hand Weapons
 a - a +0 hand axe (weapon)
Armour
 y - a +1 cloak (worn)
 E - a cursed +0 plate armour (worn)
 H - the +2 hat of the Bear Spirit (worn) {Spirit, +Rage rN+ MR++}
   (You found it on level 5 of the Dungeon)

   It protects you from negative energy.
   It affects your resistance to hostile enchantments.
   It lets you go berserk.
 O - the +5 scale mail of Boredom {*Slow rCorr Int+2 Dex+8, unknown}
   (You bought it in a shop on level 6 of the Dungeon)

   It affects your intelligence (+2).
   It affects your dexterity (+8).
   It protects you from acid and corrosion.
   It may slow you when you take damage.
 P - a +2 pair of boots of running (worn)
 S - a +2 pair of boots
Jewellery
 w - a +6 ring of strength (right hand)
 C - an uncursed ring of fire
 L - a ring of ice (left hand)
Wands
 G - a wand of paralysis (10/24)
 M - a wand of digging (8/24)
 N - a wand of paralysis (13/24)
 Z - a wand of iceblast (11/15)
Scrolls
 e - 11 scrolls of identify {unknown}
 g - 2 scrolls of random uselessness {unknown}
 h - 3 scrolls of fear {unknown}
 k - 3 scrolls of enchant weapon {unknown}
 l - 7 scrolls of remove curse {unknown}
 n - a scroll of recharging {unknown}
 v - 3 scrolls of magic mapping {unknown}
 A - a scroll of blinking {unknown}
 B - 2 scrolls of fog {unknown}
 D - a scroll of immolation {unknown}
 F - 2 scrolls of amnesia {unknown}
 I - 2 scrolls of teleportation {unknown}
 T - 2 scrolls of enchant armour {unknown}
 U - a scroll of acquirement {unknown}
 W - a scroll of brand weapon {unknown}
 Y - a scroll of noise {unknown}
Potions
 d - 4 potions of heal wounds {unknown}
 f - 2 potions of cancellation {unknown}
 i - 3 potions of lignification {unknown}
 m - 4 potions of curing {unknown}
 p - a potion of flight {unknown}
 q - a potion of mutation {unknown}
 s - a potion of cure mutation {unknown}
 t - a potion of agility {unknown}
 z - 2 potions of ambrosia {unknown}
 J - a potion of brilliance {unknown}
 Q - a potion of haste {unknown}
 R - a potion of resistance {unknown}
 V - a potion of degeneration {unknown}
Comestibles
 c - 12 bread rations
 j - 6 meat rations
 o - 4 beef jerkies
 x - a slice of pizza


   Skills:
 - Level 4.1 Fighting
 - Level 15.1 Axes
 + Level 12.8 Armour
 - Level 2.3 Dodging


You had 10 spell levels left.
You didn't know any spells.

Dungeon Overview and Level Annotations

Branches:
Dungeon (11/15)            Temple (0/1) D:4            Lair (0/6) D:8
    Orc: D:9-12

Altars:
Xom

Shops:
D:5 [   D:6 (*%[?

Annotations:
D:10 Snorg


Innate Abilities, Weirdness & Mutations

You reflexively headbutt those who attack you in melee.
You have a pair of horns on your head.


Message History

Snorg claws you but does no damage.
You climb upwards.
There is a stone staircase leading down here.
Zapping:
G - a wand of paralysis (will waste charges)
Press: ? - help, Shift-Dir - straight line, f - Snorg
Aim: Snorg (moderately wounded, berserk, fast, unusually strong, chance to defeat MR: 15%) Snorg resists with almost no effort.
Evoking this partially-identified wand wasted a few charges.
Snorg bites you.
* * * LOW HITPOINT WARNING * * *
Snorg barely misses you. Snorg claws you but does no damage.
Snorg barely misses you. Snorg claws you!
* * * LOW HITPOINT WARNING * * *
Snorg claws you but does no damage. Snorg bites you but does no damage.
Snorg claws you but does no damage. Snorg closely misses you. Snorg bites you.
* * * LOW HITPOINT WARNING * * *
Snorg completely misses you. Snorg claws you but does no damage.
Snorg bites you!
You die...

### #..# #.#########.........
##.# ##............##.....
### #.###......(...####....##
#.####.##..#..#....## #...###
#..##..#..###......# #..##
#####.......## ##.###.##
##.## ............####>.#
#..# #..#
......##.###..##T#####.###.##
.#....#..# ###..@###....#..#
.##.....## ##......#..####
.......## ##.########
###..#..## ##.## #.###..##
#..# ##.# ##..####.## #.##
##..##..# ### ##.##
##....####.# ....#
##....##..##


You could see Snorg (berserk).

Vanquished Creatures
  The ghost of Flanowski the Spear-Bearer, a novice NaFi of Makhleb (D:9)
  A hill giant (D:10)
  Pikel (D:6)
  Joseph (D:7)
  Maurice (D:8)
  A gargoyle (D:10)
  2 trolls
  A two-headed ogre (D:9)
  A spriggan (D:7)
  9 yaks
  2 hungry ghosts (D:8)
  Menkaure (D:7)
  A water moccasin (D:9)
  Duvessa (D:6)
  3 orc warriors
  An ice beast (D:6)
  2 slaves (D:6)
  2 black bears
  3 ogres
  A big kobold (D:8)
  5 bullfrogs
  Dowan (D:6)
  2 scorpions
  3 crimson imps
  The ghost of Tekks the Magician, a weakling DEFE (D:4)
  3 quasits
  A jelly (D:7)
  8 hounds
  9 orc wizards
  3 orc priests
  A bullfrog skeleton (D:5)
  A centaur skeleton (D:6)
  3 iguanas
  Ijyb (D:3)
  6 worker ants
  3 hound skeletons
  Robin (D:3)
  A worker ant zombie (D:6)
  10 adders
  4 shadow imps
  An ooze (D:3)
  5 adder skeletons
  3 worms
  2 dart slugs
  7 leopard geckos
  20 orcs
  2 ball pythons
  8 bats
  5 giant cockroaches
  10 hobgoblins
  8 jackals
  4 quokkas
  4 frilled lizards
  13 goblins
  A jackal zombie (D:7)
  13 kobolds
  A quokka zombie (D:5)
  8 rats
218 creatures vanquished.

Notes
Turn   | Place    | Note
-------+----------+-------------------------------------------
     0 | D:1      | Naow the Minotaur Berserker began the quest for the Orb.
     0 | D:1      | Reached XP level 1. HP: 19/19 MP: 0/0
    63 | D:1      | Reached skill level 4 in Axes
    64 | D:1      | Reached XP level 2. HP: 21/27 MP: 1/1
    96 | D:1      | Reached ** piety under Trog
   550 | D:2      | Reached XP level 3. HP: 28/33 MP: 2/2
  1174 | D:3      | Noticed Ijyb
  1176 | D:3      | Reached skill level 5 in Axes
  1187 | D:3      | Reached XP level 4. HP: 31/40 MP: 3/3
  1189 | D:3      | Reached skill level 6 in Axes
  1190 | D:3      | Killed Ijyb
  1193 | D:3      | Reached XP level 5. HP: 37/46 MP: 4/4
  1300 | D:3      | Reached skill level 7 in Axes
  1471 | D:3      | Noticed Robin
  1471 | D:3      | Found a shimmering altar of Xom.
  1481 | D:3      | Reached *** piety under Trog
  1485 | D:3      | Killed Robin
  1825 | D:4      | Reached XP level 6. HP: 52/52 MP: 5/5
  1954 | D:4      | Reached skill level 8 in Axes
  2168 | D:4      | Reached skill level 9 in Axes
  2383 | D:4      | Found a staircase to the Ecumenical Temple.
  2554 | D:4      | Noticed Tekks's ghost (weakling DEFE)
  2565 | D:4      | Killed Tekks's ghost
  2653 | D:4      | Reached XP level 7. HP: 58/59 MP: 6/6
  2871 | D:5      | Entered Level 5 of the Dungeon
  3091 | D:5      | Reached **** piety under Trog
  3091 | D:5      | Reached skill level 10 in Axes
  3181 | D:5      | Found Niuj's Armour Shoppe.
  3608 | D:6      | Found Sast's Food Emporium.
  3715 | D:6      | Found Kiecza's Antique Weapon Shoppe.
  3801 | D:6      | Found Docwaej's General Store.
  3918 | D:6      | Reached skill level 11 in Axes
  3921 | D:6      | Reached XP level 8. HP: 66/66 MP: 7/7
  3985 | D:6      | Found Yxacri's Magic Scroll Shop.
  4075 | D:6      | Noticed Duvessa
  4075 | D:6      | Noticed Dowan
  4083 | D:6      | Killed Duvessa
  4087 | D:6      | Killed Dowan
  4087 | D:6      | Reached skill level 12 in Axes
  4249 | D:6      | Found Watsyderyi's Antique Armour Shoppe.
  4254 | D:6      | Noticed Pikel
  4267 | D:6      | Killed Pikel
  4267 | D:6      | Reached skill level 13 in Axes
  4350 | D:6      | Bought a bloodstained scale mail for 234 gold pieces
  4350 | D:6      | Bought a pair of glowing boots for 117 gold pieces
  4360 | D:6      | Identified a +2 pair of boots of running (You bought it in a shop on level 6 of the Dungeon)
  4408 | D:6      | Reached XP level 9. HP: 62/71 MP: 6/8
  4432 | D:7      | Noticed Menkaure
  4444 | D:7      | Killed Menkaure
  4445 | D:7      | Reached skill level 14 in Axes
  4594 | D:7      | Received a gift from Trog
  4862 | D:7      | Noticed Joseph
  4881 | D:7      | Killed Joseph
  5054 | D:7      | Reached skill level 15 in Axes
  5339 | D:8      | Found a staircase to the Lair.
  5339 | D:8      | Noticed Maurice
  5348 | D:8      | Killed Maurice
  5453 | D:8      | Reached ***** piety under Trog
  5748 | D:8      | Reached XP level 10. HP: 74/78 MP: 9/9
  6391 | D:9      | Noticed Flanowski's ghost (novice NaFi)
  6408 | D:9      | Killed Flanowski's ghost
  6635 | D:9      | Reached skill level 10 in Armour
  6689 | D:10     | Entered Level 10 of the Dungeon
  7231 | D:10     | Noticed a gargoyle
  7248 | D:10     | Killed a gargoyle
  7886 | D:10     | Noticed a hill giant
  7898 | D:10     | Killed a hill giant
  8221 | D:11     | Reached XP level 11. HP: 39/84 MP: 6/10
  8503 | D:11     | Noticed Snorg
  8520 | D:10     | Slain by Snorg

Vault maps used:
D:1:      scummos_arrival_simple_crosswalls
D:2:      kennysheep_generic_room_12
D:3:      first_bread, minmay_misc_feat_doors, xom_teletrap_fun, uniq_iyjb,
          uniq_robin
D:5:      serial_shops, kennysheep_mini
D:6:      serial_shops, nicolae_shop_trees, shop, shop, nicolae_shop_waterfront,
          nicolae_shop_trees, uniq_duvessa, uniq_pikel
D:7:      the_bakery, grunt_ministairs_8, uniq_joseph, uniq_menkaure
D:8:      lair_0_dummy, uniq_maurice
D:11:     erik_orc_2, dk_noncrumbling_2, uniq_nergalle, uniq_snorg

Skill      XL: |  1  2  3  4  5  6  7  8  9 10 |
---------------+-------------------------------+-----
Axes           | 4 5 6 7 9 11 13 15 | 15.1
Fighting       | 4 |  4.1
Armour         | 7 12 | 12.8
Dodging        | |  2.3

Action                   |  1- 3 |  4- 6 |  7- 9 | 10-12 || total
-------------------------+-------+-------+-------+-------++-------
Melee: Hand axe          |    56 |   132 |   331 |   180 ||   699
       Headbutt          |    14 |    24 |    64 |    43 ||   145
Invok: Berserk           |     1 |     3 |     7 |     8 ||    19
       Burn Spellbooks   |       |     1 |       |       ||     1
Evoke: Wand              |       |       |       |     1 ||     1
  Eat: Chunk             |       |     9 |    17 |    11 ||    37
       Bread ration      |       |       |       |     1 ||     1
       Pizza             |       |       |       |     1 ||     1
Armor: Animal skin       |     8 |       |       |       ||     8
       Chain mail        |     9 |    59 |    47 |       ||   115
       Plate armour      |       |       |   105 |    79 ||   184
Dodge: Dodged            |    40 |    54 |    88 |    53 ||   235
